 Dungeon Crawl Stone Soup version 0.28.0-47-ge53b351184 (webtiles) character file.

Game seed: 18267379472229960173

293 NinjaNoafa the Chopper (level 6, -5/56 HPs)
             Began as a Hill Orc Monk on May 2, 2022.
             Was a Believer of Beogh.
             Slain by an ogre
             ... wielding a +0 giant spiked club
              (24 damage)
             ... on level 3 of the Dungeon.
             The game lasted 00:05:12 (3088 turns).

NinjaNoafa the Chopper (Hill Orc Monk)              Turns: 3088, Time: 00:05:13

Health: -5/56      AC:  9    Str: 16    XL:     6   Next: 33%
Magic:  7/7        EV: 10    Int: 10    God:    Beogh [**....]
Gold:   87         SH:  0    Dex: 13    Spells: 5/5 levels left

rFire   . . .      SeeInvis .   a - +0 hand axe
rCold   + . .      Faith    .   (no shield)
rNeg    . . .      Spirit   .   e - +0 scale mail
rPois   .          Reflect  .   f - +1 helmet
rElec   .          Harm     .   (no cloak)
rCorr   .          Rampage  .   (no gloves)
Will    .....      Rage     1%  (no boots)
Stlth   ..........              (no amulet)
HPRegen 0.18/turn               (no ring)
MPRegen 0.10/turn               (no ring)

@: no status effects
A: berserk 1, cold resistance 1, low MP 1
a: Renounce Religion, Smiting


You were on level 3 of the Dungeon.
You worshipped Beogh.
Beogh was pleased with you.
You visited 1 branch of the dungeon, and saw 3 of its levels.

You collected 87 gold pieces.

Inventory:

Hand Weapons
 a - a +0 hand axe (weapon)
 b - a +1 dagger of freezing
Missiles
 c - 2 poisoned darts (quivered)
Armour
 e - a +0 scale mail (worn)
 f - a +1 helmet (worn)
Wands
 h - a wand of flame (42)
Potions
 i - 2 potions of curing {unknown}
 j - a potion of degeneration {unknown}


   Skills:
 + Level 5.0 Fighting
 + Level 5.5 Axes
 + Level 3.8 Armour
 - Level 2.4 Dodging
 - Level 1.5 Stealth
 + Level 3.2 Invocations
 * Level 0.3 Evocations


You had 5 spell levels left.
You didn't know any spells.
Your spell library contained the following spells:

 Spells                   Type           Power      Damage    Failure   Level
 Corpse Rot               Necr/Air       0%         N/A       89%         2
 Poisonous Vapours        Pois/Air       0%         N/A       89%         2


Dungeon Overview and Level Annotations

Branches:
Dungeon (3/15)

Altars:


Innate Abilities, Weirdness & Mutations

You tend to lose your temper in combat.
Your flesh is cold resistant. (rC+)
Your magical capacity is low. (-10% MP)


Message History

The ogre hits you with a +0 giant spiked club!
Throw: 3 darts (poison)
Press: ? - help, Q - select action, (/) - cycle Shift-Dir - straight line, f - ogre
Aim: an ogre, wielding a +0 giant spiked club (74% to hit)
You throw a poisoned dart.
The poisoned dart barely misses the ogre.
The ogre barely misses you. The ogre barely misses you.
The ogre hits you with a +0 giant spiked club!
* * * LOW HITPOINT WARNING * * *
Aiming: Throw Flame
Press: ? - help, Shift-Dir - straight line, f/p - ogre
Aim: an ogre, wielding a +0 giant spiked club (85% to hit)
The puff of flame hits the ogre.
The ogre is lightly wounded.
The ogre barely misses you.
Aiming: Throw Flame
Press: ? - help, Shift-Dir - straight line, f/p - ogre
Aim: an ogre, wielding a +0 giant spiked club (lightly wounded, 85% to hit)
The puff of flame hits the ogre.
The ogre is moderately wounded.
Aiming: Throw Flame
Press: ? - help, Shift-Dir - straight line, f/p - ogre
Aim: an ogre, wielding a +0 giant spiked club (moderately wounded, 85% to hit)
The puff of flame hits the ogre.
The ogre is heavily wounded.
The ogre closely misses you.
Aiming: Throw Flame
Press: ? - help, Shift-Dir - straight line, f/p - ogre
Aim: an ogre, wielding a +0 giant spiked club (heavily wounded, 85% to hit)
The puff of flame hits the ogre.
The ogre is severely wounded.
The ogre closely misses you.
Aiming: Throw Flame
Press: ? - help, Shift-Dir - straight line, f/p - ogre
Aim: an ogre, wielding a +0 giant spiked club (severely wounded, 85% to hit)
The puff of flame hits the ogre.
The ogre is almost dead.
The ogre hits you with a +0 giant spiked club!!
You die...

#.......###
#)......##.
#.......##.
#####.......##.
######.......##.....
#......####..###.#..
#......####..###.#.#
#.........#......#.#
#..@..###.#.##.....#
#..Og.# #.#..###.###
#.....###.##.#...#.#
#.........##.#.###.#
#......#####.#.###.#
#####...............
#..#####..####.#
#......#...###.#
#.###.#####.....


You could see an ogre and a gnoll.

Vanquished Creatures
  Sigmund (D:3)
  2 gnolls (D:3)
  4 adders
  A worm (D:3)
  2 dart slugs (D:1)
  10 endoplasms
  5 giant cockroaches
  7 hobgoblins
  3 quokkas (D:1)
  2 ball pythons
  6 bats
  8 frilled lizards
  5 goblins
  4 kobolds
  2 rats (D:1)
62 creatures vanquished.

Notes
Turn   | Place    | Note
-------+----------+-------------------------------------------
     0 | D:1      | NinjaNoafa the Hill Orc Monk began the quest for the Orb.
     0 | D:1      | Reached XP level 1. HP: 19/19 MP: 1/1
   340 | D:1      | Reached XP level 2. HP: 25/27 MP: 2/2
   375 | D:1      | Reached skill level 1 in Armour
   690 | D:1      | Found a faded altar of an unknown god.
   722 | D:1      | Reached XP level 3. HP: 33/33 MP: 3/3
  1282 | D:2      | Reached XP level 4. HP: 24/41 MP: 4/4
  1501 | D:2      | Gained mutation: Your magical capacity is low. (-10% MP)
                  | [potion of mutation]
  1501 | D:2      | Gained mutation: You tend to lose your temper in combat.
                  | [potion of mutation]
  1501 | D:2      | Gained mutation: Your flesh is cold resistant. (rC+)
                  | [potion of mutation]
  1555 | D:2      | Became a worshipper of Beogh the Brigand
  1555 | D:2      | Reached * piety under Beogh
  1555 | D:2      | Reached ** piety under Beogh
  2087 | D:3      | Noticed Sigmund
  2103 | D:3      | Killed Sigmund
  2104 | D:3      | Reached skill level 5 in Axes
  2104 | D:3      | Reached XP level 5. HP: 31/47 MP: 3/6
  2104 | D:3      | Reached XP level 6. HP: 37/55 MP: 3/7
  3037 | D:3      | Reached skill level 5 in Fighting
  3088 | D:3      | Slain by an ogre

Illustrated notes

Levels and vault maps discovered:
D:1:      dpeg_arrival_arbitrary_c, layout_loops_ring,
          dreamdust_ecumenical_altar_statues
D:2:      layout_rooms, minmay_tetromino_s4
D:3:      layout_basic, uniq_sigmund

Skill      XL: |  1  2  3  4  5  6 |
---------------+-------------------+-----
Armour         | 1 2 3 |  3.8
Fighting       | 4 5 |  5.0
Axes           | 5 |  5.5
Invocations    | 3 |  3.2
Dodging        | |  2.4
Stealth        | |  1.5
Evocations     | |  0.3

Action                   |  1- 3 |  4- 6 || total
-------------------------+-------+-------++-------
Melee: Hand axe          |   123 |   136 ||   259
       Punch             |     1 |     1 ||     2
Throw: Dart              |       |     1 ||     1
Invok: Convert to Beogh  |       |     1 ||     1
Evoke: Wand              |       |     5 ||     5
  Use: Potion            |     1 |     2 ||     3
       Scroll            |     1 |     2 ||     3
 Stab: Invisible         |       |     1 ||     1
Armor: Scale mail        |    61 |    45 ||   106
Dodge: Dodged            |    75 |    77 ||   152
